 Dungeon Crawl Stone Soup version 0.30-a0-137-gd8773701ce (webtiles) character file.

Game seed: 12872874709780132224

7 Bnni the Shooter (level 1, -2/16 HPs)
             Began as a Demonspawn Hunter on Sept 22, 2022.
             Slain by a kobold
             ... wielding a +0 short sword
              (3 damage)
             ... on level 1 of the Dungeon.
             The game lasted 00:00:37 (205 turns).

Bnni the Shooter (Demonspawn Hunter)                 Turns: 205, Time: 00:00:38

Health: -2/16      AC:  3    Str: 11    XL:     1   Next: 91%
Magic:  1/1        EV: 11    Int: 10    God:
Gold:   33         SH:  0    Dex: 16    Spells: 0/0 levels left

rFire   . . .      SeeInvis .    e - +2 dagger (elec)
rCold   . . .      Faith    .    (no shield)
rNeg    . . .      Spirit   .    c - +0 leather armour
rPois   .          Reflect  .    (no helmet)
rElec   .          Harm     .    (no cloak)
rCorr   .          Rampage  .    (no gloves)
Will    .....                    (no boots)
Stlth   +.........               (no amulet)
HPRegen 0.05/turn                (no ring)
MPRegen 0.07/turn                (no ring)

@: no status effects
A: no striking features
a: no special abilities


You were on level 1 of the Dungeon.
You visited 1 branch of the dungeon, and saw 1 of its levels.

You collected 33 gold pieces.

Inventory:

Hand Weapons
 a - a +0 shortbow
 e - a +2 dagger of electrocution (weapon)
Armour
 c - a +0 leather armour (worn)
Scrolls
 b - a scroll of immolation
 d - a scroll of vulnerability {unknown}
 f - a scroll of butterflies {unknown}


   Skills:
 + Level 2.2 Fighting
 * Level 3.9 Ranged Weapons
 - Level 1.7 Dodging
 - Level 0.8 Stealth


You couldn't memorise any spells.
You didn't know any spells.
Your spell library was empty.

Dungeon Overview and Level Annotations

Branches:
Dungeon (1/15)

Altars:


Message History

The goblin shouts!
You hear a shout!
The goblin hits you with a +0 club.
You hit the goblin but do no damage. The goblin hits you with a +0 club.
You hit the goblin.
You kill the goblin!
The giant cockroach barely misses you.
A kobold comes into view. It is wielding a +0 short sword.
The kobold shouts!
You hit the giant cockroach.
The giant cockroach is moderately wounded.
The giant cockroach bites you but does no damage. x2
You hit the giant cockroach but do no damage.
The giant cockroach is moderately wounded.
An endoplasm comes into view.
The giant cockroach bites you but does no damage.
You hit the giant cockroach but do no damage.
Lightning courses through the giant cockroach!
You kill the giant cockroach!
The rat bites you but does no damage.
You hit the rat.
You kill the rat!
An endoplasm comes into view.
A hobgoblin comes into view.
The kobold barely misses you.
You closely miss the kobold.
The kobold hits you with a +0 short sword.
The hobgoblin shouts!
You hit the endoplasm but do no damage. The endoplasm freezes you.
You are frozen.
The kobold misses you.
You are too injured to fight recklessly!
The kobold attacks as you move away! The kobold hits you but does no damage.
The endoplasm freezes you.
You are frozen.
* * * LOW HITPOINT WARNING * * *
The endoplasm attacks as you move away! The endoplasm hits you.
* * * LOW HITPOINT WARNING * * *
The kobold attacks as you move away!
The kobold hits you with a +0 short sword.
You die...

#.###.# #.....
#.###.# #####.
#.....# ########
#..#### ......).
#..# ########
########..###.#
.
.r............#
...
#####....#####
#..######@$###
#.....)JJK##
##...g...#
........##.....#
...#..########.#
##### . #...
#⌠... #.. #....
##. #.<.> #
#....


You could see 2 endoplasms, a hobgoblin and a kobold.

Vanquished Creatures
  A giant cockroach (D:1)
  3 goblins (D:1)
  A quokka (D:1)
  A rat (D:1)
6 creatures vanquished.

Notes
Turn   | Place    | Note
-------+----------+-------------------------------------------
     0 | D:1      | Bnni the Demonspawn Hunter began the quest for the Orb.
     0 | D:1      | Reached XP level 1. HP: 16/16 MP: 1/1
    16 | D:1      | Found a faded altar of an unknown god.
   205 | D:1      | Slain by a kobold

Illustrated notes

Levels and vault maps discovered:
D:1:      amcnicky_arrival_gap_in_the_tavern_cellar, layout_rooms,
          chequers_ecumenical_altar_simple

Action                   || total
-------------------------++-------
Melee: Dagger            ||     8
 Fire: Shortbow          ||     7
Armor: Leather armour    ||     5
Dodge: Dodged            ||     8

Table legend: (Time is in decaauts)
 A = Elapsed time spent in this place.
 B = Non-inter-level travel time spent in this place.
 C = Inter-level travel time spent in this place.
 D = Time resting spent in this place.
 E = Time spent auto-exploring this place.
 F = Levels seen in this place.
 G = Mean time per level.
                   A        B        C        D        E       F      G
               +--------+--------+--------+--------+--------+-----+--------+
         Total |    206 |    206 |      0 |      0 |    155 |   1 |  206.0 |
       Dungeon |    206 |    206 |      0 |      0 |    155 |   1 |  206.0 |
               +--------+--------+--------+--------+--------+-----+--------+

Top non-repeatable levels by time:
     D:1: 206 daAuts
